 Dungeon Crawl Stone Soup version 0.19.1-1-g22dce08 (webtiles) character file.

46 esteth the Changer (level 3, -4/26 HPs)
             Began as a Merfolk Transmuter on Jan 8, 2017.
             Slain by Robin
             ... wielding a +0 spear
              (6 damage)
             ... on level 2 of the Dungeon.
             The game lasted 00:06:33 (1967 turns).

esteth the Changer (Merfolk Transmuter)             Turns: 1967, Time: 00:06:33

Health: -4/26      AC:  2    Str: 10    XL:     3   Next: 66%
Magic:  5/6        EV: 13    Int: 13    God:
Gold:   58         SH:  0    Dex: 14    Spells: 2 memorised, 2 levels left

rFire  . . .     SeeInvis .     g - +0 hunting sling (curse)
rCold  . . .     Gourm    .     b - +0 robe
rNeg   . . .     Faith    .     (no shield)
rPois  .         Spirit   .     (no helmet)
rElec  .         Reflect  .     (no cloak)
rCorr  .         Harm     .     (no gloves)
MR     .....                    (no boots)
Stlth  ..........               (no amulet)
                                (no ring)
                                e - ring of loudness (curse)

@: appendage
A: change form in water, swift swim, stealthy swim, horns 2
a: End Transformation


You were on level 2 of the Dungeon.
You were not hungry.
You had grown temporary horns.
You visited 1 branch of the dungeon, and saw 2 of its levels.

You collected 58 gold pieces.

Inventory:

Hand Weapons
 g - a cursed +0 hunting sling (weapon)
 j - a +0 spear
Missiles
 a - 12 arrows
 m - 75 stones (quivered)
Armour
 b - a +0 robe (worn)
Jewellery
 e - a cursed ring of loudness (left hand)
Scrolls
 k - a scroll of amnesia
Potions
 f - 2 potions of brilliance
 l - a potion of curing {unknown}
Books
 c - a book of Changes

   Spells                             Type                      Level
   a - Beastly Appendage              Transmutation                1
   b - Sticks to Snakes               Transmutation                2
   c - Spider Form                    Transmutation/Poison         3
   d - Ice Form                       Ice/Transmutation            4
   e - Blade Hands                    Transmutation                5
Comestibles
 d - 2 bread rations {@e1}
 h - 3 beef jerkies
 i - 5 chunks of flesh {@w0}


   Skills:
 - Level 1.1 Fighting
 - Level 2.2 Polearms
 - Level 2.6 Dodging
 - Level 3.2 Unarmed Combat
 - Level 2.0 Spellcasting
 - Level 3.9 Transmutations
 + Level 1.6 Poison Magic


You had 2 spell levels left.
You knew the following spells:

 Your Spells              Type           Power        Failure   Level  Hunger
a - Beastly Appendage     Tmut           ##....       8%          1    ##.....
b - Spider Form           Tmut/Pois      #.........   28%         3    ####...


Dungeon Overview and Level Annotations

Branches:
Dungeon (2/15)

Altars:

Annotations:
D:2 Robin


Innate Abilities, Weirdness & Mutations

You revert to your normal form in water.
You are very nimble and swift while swimming.
You are very stealthy in the water. (Stealth+)
You have a pair of horns on your head.


Message History

The goblin hits you with a club.
You hear a shout! x3
You barely miss the goblin.
You headbutt the goblin, but do no damage.
The goblin barely misses you. x2; Robin throws the goblin at you!
A goblin comes into view. It is wielding an enchanted dagger.
You clumsily bash the goblin but do no damage.
The bat closely misses you. The goblin closely misses you.
The goblin hits you with a club.
* * * LOW HITPOINT WARNING * * *
The goblin moves out of view.
Robin roars a battlecry!
The goblin barely misses you.
A goblin comes into view.
You barely miss the goblin. The goblin barely misses you.
The jackal closely misses you. Robin hits you from afar with a spear.
* * * LOW HITPOINT WARNING * * *
The goblin hits you but does no damage. x2; The jackal barely misses you.
Robin hits you from afar with a spear.
You die...

##### #######...#
#.......#.####
#.....###..gg#
#.........##@#
#......##.##h#
#......##..gbg......
###......#.....g#.....
#........#....(.. h...
#....>......#####. ..(
#...#.####.... .. ..
#...#......### (. .
#...#......... . ...


You could see Robin, a jackal, 4 goblins and a bat.

Vanquished Creatures
  A dart slug (D:1)
  2 leopard geckos (D:1)
  A giant cockroach (D:1)
  11 goblins
  6 hobgoblins
  2 jackals (D:2)
  4 kobolds (D:1)
  6 bats (D:1)
  A frilled lizard (D:1)
  4 rats
38 creatures vanquished.

Notes
Turn   | Place    | Note
-------+----------+-------------------------------------------
     0 | D:1      | esteth the Merfolk Transmuter began the quest for the Orb.
     0 | D:1      | Reached XP level 1. HP: 15/15 MP: 3/3
   412 | D:1      | Reached XP level 2. HP: 21/21 MP: 5/5
   429 | D:1      | Reached skill level 1 in Polearms
  1057 | D:1      | Reached XP level 3. HP: 24/26 MP: 6/6
  1067 | D:1      | Learned a level 3 spell: Spider Form
  1834 | D:2      | Reached skill level 1 in Poison Magic
  1957 | D:2      | Noticed Robin
  1967 | D:2      | Slain by Robin

Skill      XL: |  1  2  3 |
---------------+----------+-----
Transmutations | 3 |  3.9
Polearms       | 2 |  2.2
Poison Magic   | 1 |  1.6
Fighting       | |  1.1
Dodging        | |  2.6
Unarmed Combat | |  3.2
Spellcasting   | |  2.0

Action                   || total
-------------------------++-------
Melee: Unarmed           ||    25
       Spear             ||    67
       Hunting sling     ||     4
       Headbutt          ||     1
 Fire: Hunting sling     ||    84
 Cast: Beastly Appendage ||     5
  Use: Scroll            ||     3
 Stab: Sleeping          ||     2
  Eat: Chunk             ||     3
Armor: Robe              ||    18
Dodge: Dodged            ||    85
